 Dungeon Crawl Stone Soup version 0.31-a0-198-g2ad674f65e (webtiles) character file.

Game seed: 9672474488964378866

142 qw the Skirmisher (level 5, -9/29 HPs)
             Began as a Deep Elf Hunter on June 25, 2023.
             Killed by nerve-wracking pain
             ... invoked by Grinder
              (11 damage)
             ... while paralysed by Grinder
             ... on level 3 of the Dungeon.
             The game lasted 00:00:50 (2470 turns).

qw the Skirmisher (Deep Elf Hunter)                 Turns: 2470, Time: 00:00:51

Health: -9/29      AC:  3    Str: 10    XL:     5   Next: 4%
Magic:  7/7        EV:  2    Int: 14    God:
Gold:   170        SH:  0    Dex: 24    Spells: 4/4 levels left

rFire   + . .        Y - +1 shortbow
rCold   + . .        (shield currently unavailable)
rNeg    . . .        h - +0 robe {rC+ rF+}
rPois   .            (no helmet)
rElec   .            (no cloak)
rCorr   .            (no gloves)
SInv    .            c - +0 pair of boots
Will    .....        (no amulet)
Stlth   ++           a - +6 ring of dexterity
HPRegen 0.24/turn    (no ring)
MPRegen 0.10/turn

%: no passive effects
@: paralysed
A: no striking features
a: no special abilities


You were on level 3 of the Dungeon.
You visited 1 branch of the dungeon, and saw 3 of its levels.

You collected 170 gold pieces.


   Skills:
 - Level 1.5 Fighting
 + Level 8.2 Ranged Weapons
 - Level 3.0 Dodging
 - Level 1.2 Stealth


You had 4 spell levels left.
You didn't know any spells.
Your spell library was empty.

Inventory:

Hand Weapons
 Y - a +1 shortbow (weapon)
Armour
 b - the +0 robe "Cufuihusm" {rCorr Int+2 Stlth+}
   (You found it on level 3 of the Dungeon)

   Int:       It affects your intelligence (+2).
   rCorr:     It protects you from acid and corrosion.
   Stlth:     It makes you more stealthy.
 c - a +0 pair of boots (worn)
 g - a +0 ring mail
 h - a +0 robe of resistance (worn)
Jewellery
 a - a +6 ring of dexterity (left hand)
 i - a +4 ring of protection
Scrolls
 d - 4 scrolls of identify
Potions
 e - a potion of heal wounds {unknown}
 f - a potion of curing

Dungeon Overview and Level Annotations

Branches:
Dungeon (3/15)

Altars:

Annotations:
D:3 Grinder


Message History

You can move again.
There is a stone staircase leading down here.
You shoot an arrow. The arrow hits Grinder!
Grinder is moderately wounded.
You shoot an arrow.
The arrow hits Grinder but does no damage.
Grinder is moderately wounded.
Grinder gestures at you. Pain shoots through your body!
You shoot an arrow. The arrow hits Grinder!
Grinder is heavily wounded.
You shoot an arrow. The arrow hits Grinder.
Grinder is severely wounded.
You shoot an arrow. The arrow hits Grinder.
Grinder is severely wounded.
Grinder gestures at you. Pain shoots through your body!
You shoot an arrow.
The arrow hits Grinder but does no damage.
Grinder is severely wounded.
Grinder barely misses you.
You shoot an arrow.
The arrow hits Grinder but does no damage.
Grinder is severely wounded.
Grinder barely misses you.
You shoot an arrow.
The arrow hits Grinder but does no damage.
Grinder is severely wounded.
Grinder gestures at you. Pain shoots through your body!
You shoot an arrow. The arrow hits Grinder!
Grinder is almost dead.
Grinder closely misses you.
You shoot an arrow. The arrow closely misses Grinder.
Grinder gestures at you.
You suddenly lose the ability to move!
Grinder hits you!
You writhe in agony.
Grinder gestures at you. Pain shoots through your body!
You die...

#................# #.
...###.#########...###
####.
.......................
#....
....#####.####..##.....#
#.... .. #.##
#...+.....# #....
#..###..)#.....# #....
##.......#.....# #....
#####...# #.... #@..#
#.... ......5##.# #####
....... .# ############
....... .. ............
....... #########..%..
#### ...)...
#.......'..... ...#
....... ###.#...#.....
...# .......
#.#...#..... ...####
#.#...#.....


You could see Grinder.

Vanquished Creatures
  3 adders
  4 gnolls (D:3)
  A worm (D:3)
  2 dart slugs
  4 ball pythons
  4 bats
  5 endoplasms
  3 giant cockroaches
  8 goblins
  5 hobgoblins
  4 jackals (D:1)
  4 quokkas
  9 frilled lizards
  5 kobolds
  9 rats
70 creatures vanquished.

Notes
Turn   | Place    | Note
-------+----------+-------------------------------------------
     0 | D:1      | qw the Deep Elf Hunter began the quest for the Orb.
     0 | D:1      | Reached XP level 1. HP: 12/12 MP: 3/3
     0 | D:1      | 0 ||| qw: Version: 0.3-a-22-g0ed2b0b
     0 | D:1      | 0 ||| qw: Game counter: 4933
     0 | D:1      | 0 ||| qw: Melee chars always use a shield: true
     0 | D:1      | 0 ||| qw: God list: Okawaru
     0 | D:1      | 0 ||| qw: Allow faded altars: false
     0 | D:1      | 0 ||| qw: Do Orc after clearing Dungeon:15 true
     0 | D:1      | 0 ||| qw: Do second Lair branch before Depths: true
     0 | D:1      | 0 ||| qw: Lair rune preference: random
     0 | D:1      | 0 ||| qw: Goals: Normal
     0 | D:1      | 0 ||| PLANNING D:1-11
    66 | D:1      | HP: 3/12 [frozen (5)]
   156 | D:1      | 156 ||| READING scroll labelled GAR XUCSIDUSK.
   157 | D:1      | 157 ||| DROPPING scroll of butterflies.
   266 | D:1      | Reached skill level 6 in Ranged Weapons
   266 | D:1      | Reached XP level 2. HP: 16/16 MP: 4/4
   403 | D:1      | 403 ||| UPGRADING to +6 ring of dexterity.
   404 | D:1      | 404 ||| READING scroll labelled ATICVU XINAA.
   405 | D:1      | 405 ||| READING scroll labelled NEZUPS GOURCHO.
   663 | D:1      | Reached XP level 3. HP: 20/20 MP: 5/5
   971 | D:1      | 971 ||| UPGRADING to +0 ring mail.
   981 | D:1      | 981 ||| DROPPING +0 leather armour.
   982 | D:1      | 982 ||| READING scroll labelled QUNU FAPRONT.
   983 | D:1      | 983 ||| READING scroll labelled LUINUB ZIHASTRU.
  1221 | D:2      | Reached skill level 7 in Ranged Weapons
  1483 | D:2      | Reached XP level 4. HP: 25/25 MP: 6/6
  1844 | D:2      | 1844 ||| UPGRADING to +0 pair of boots.
  1849 | D:2      | 1849 ||| UPGRADING to +0 robe of resistance.
  1859 | D:2      | 1859 ||| DROPPING +6 ring of intelligence.
  1860 | D:2      | 1860 ||| READING scroll labelled VAZISK XACIME.
  1861 | D:2      | 1861 ||| READING scroll labelled BYFUYNN UNUO.
  1862 | D:2      | 1862 ||| READING scroll labelled WOEXZU QIKIAC.
  1863 | D:2      | 1863 ||| DRINKING 2 silvery potions.
  1923 | D:3      | Identified the +0 robe "Cufuihusm" {rCorr Int+2 Stlth+}
  2136 | D:3      | Reached skill level 3 in Dodging
  2169 | D:3      | Reached skill level 8 in Ranged Weapons
  2307 | D:3      | Reached XP level 5. HP: 29/29 MP: 7/7
  2430 | D:3      | Identified the +8 short sword of Salt {speed, +Blink}
  2452 | D:3      | Noticed Grinder
  2456 | D:3      | Paralysed by Grinder for 2 turns
  2468 | D:3      | Paralysed by Grinder for 4 turns
  2469 | D:3      | HP: 6/29 [Grinder (7)]
  2469 | D:3      | HP: 2/29 [Grinder (4)]
  2470 | D:3      | Killed from afar by Grinder

Levels and vault maps discovered:
D:1:      minmay_arrival_pointy, layout_basic, serial_co_window_serial,
          co_window_corner_a, co_window_paths_b, co_window_paths_a,
          co_window_paths_b, co_window_paths_b, co_window_corner_b,
          co_window_of_opportunity_c, co_window_2corner,
          co_window_of_opportunity_c, co_window_of_opportunity_b,
          co_window_unsneaky_path_c, co_window_paths_d, glass_columns_a,
          glass_columns_a, glass_columns_a, glass_columns_c, glass_columns_c,
          minmay_tetromino_o2
D:2:      layout_basic, minmay_lizard_pond
D:3:      layout_basic, tso_altar, grunt_ministairs_6, uniq_grinder

Skill      XL: |  1  2  3  4 |
---------------+-------------+-----
Ranged Weapons | 6 7 8 |  8.2
Dodging        | 3 |  3.0
Fighting       | |  1.5
Stealth        | |  1.2

Action                     |  1- 3 |  4- 6 || total
---------------------------+-------+-------++-------
   Fire: Shortbow          |   100 |    64 ||   164
    Use: Scroll            |     5 |     3 ||     8
         Potion            |       |     1 ||     1
 Armour: Ring mail         |     5 |       ||     5
         Robe              |       |     1 ||     1
  Dodge: Dodged            |     8 |    10 ||    18

Table legend:
 A = Non-vault XP
 B = Vault XP
 C = Vault XP percentage of total XP
 D = Non-vault monster count
 E = Vault monster count
 F = Vault count percentage of total count
                 A         B        C        D         E       F
            +---------+---------+-------+---------+---------+-------
      Total |     184 |      20 |   9.8 |      63 |       7 |  10.0
            +---------+---------+-------+---------+---------+-------
        D:1 |      44 |       2 |   4.3 |      25 |       1 |   3.8
        D:2 |      55 |       4 |   6.8 |      20 |       4 |  16.7
        D:3 |      85 |      14 |  14.1 |      18 |       2 |  10.0
            +---------+---------+-------+---------+---------+-------
